 Dungeon Crawl Stone Soup version 0.28.0-53-g5a82cb258f (webtiles) character file.

Game seed: 8031465018642805977

92 SanguineChosen the Slasher (level 4, -1/39 HPs)
             Began as a Palentonga Berserker on June 16, 2022.
             Was a Believer of Trog.
             Slain by a hobgoblin (2 damage)
             ... led by Robin
             ... on level 3 of the Dungeon on June 17, 2022.
             The game lasted 00:12:44 (2135 turns).

SanguineChosen the Slasher (Palentonga Berserker)   Turns: 2135, Time: 00:12:50

Health: -1/39      AC:  6    Str: 23    XL:     4   Next: 35%
Magic:  4/4        EV: 10    Int:  7    God:    Trog [**....]
Gold:   91         SH:  0    Dex:  9    Spells: 3/3 levels left

rFire   + . .      SeeInvis +   a - +0 falchion
rCold   + + .      Faith    .   (no shield)
rNeg    . . .      Spirit   .   b - +0 animal skin
rPois   +          Reflect  .   (no helmet)
rElec   +          Harm     .   (no cloak)
rCorr   +          Rampage  .   h - +1 pair of gloves
Will    .....                   (no barding)
Stlth   +.........              (no amulet)
HPRegen 0.13/turn               j - ring of protection from cold
MPRegen 0.09/turn               (no ring)

@: resistant, attractive, flying
A: large, rugged brown scales 3, see invisible, deformed body, roll 1, armoured
tail
a: Rolling Charge, Renounce Religion, Berserk, Trog's Hand


You were on level 3 of the Dungeon.
You worshipped Trog.
Trog was pleased with you.
You visited 1 branch of the dungeon, and saw 3 of its levels.

You collected 91 gold pieces.

Inventory:

Hand Weapons
 a - a +0 falchion (weapon)
Armour
 b - a +0 animal skin (worn)
 h - a +1 pair of gloves (worn)
Jewellery
 j - a ring of protection from cold (left hand)
Scrolls
 c - a scroll of holy word {unknown}
 f - 2 scrolls of enchant armour
 g - 3 scrolls of magic mapping {unknown}


   Skills:
 + Level 3.9 Fighting
 + Level 4.0 Long Blades
 + Level 1.6 Armour
 + Level 2.1 Dodging
 + Level 0.2 Stealth


You had 3 spell levels left.
You didn't know any spells.
Your spell library was empty.

Dungeon Overview and Level Annotations

Branches:
Dungeon (3/15)

Altars:
Makhleb

Annotations:
D:3 Robin


Innate Abilities, Weirdness & Mutations

You are completely covered in rugged brown scales. (AC +3, +7% HP)
You have supernaturally acute eyesight. (SInv)
Armour fits poorly on your strangely shaped body.
You can roll at nearby foes to attack.
You have a long armoured tail.


Message History

The goblin is heavily wounded.
Robin flexes a bicep menacingly.
Robin throws the goblin at you!
The goblin hits you with a +2 dagger of speed.
* * * LOW HITPOINT WARNING * * *
The goblin completely misses you.
The goblin hits you with a +2 dagger of speed.
* * * LOW HITPOINT WARNING * * *
You barely miss the goblin. The goblin hits you but does no damage.
The goblin hits you with a +2 dagger of speed.
* * * LOW HITPOINT WARNING * * *
You slash the goblin!
You kill the goblin!
Trog accepts your kill.
You can now call upon Trog for regeneration and willpower.
The goblin hits you with a +2 dagger of speed.
* * * LOW HITPOINT WARNING * * *
The goblin hits you with a +2 dagger of speed.
* * * LOW HITPOINT WARNING * * *
You barely miss the goblin.
The goblin is heavily wounded.
The goblin hits you with a +2 dagger of speed.
* * * LOW HITPOINT WARNING * * *
The goblin barely misses you.
You hit the goblin.
You kill the goblin!
Trog accepts your kill.
The goblin no longer looks unusually strong. x2
The hobgoblin barely misses you.
It was a potion of attraction.
You feel attractive to monsters. The hobgoblin barely misses you.
It was a potion of flight.
You feel very buoyant.
You fly up into the air.
The goblin no longer looks unusually strong. x2
Robin roars a battlecry!
The goblins go into a battle-frenzy!
The hobgoblin hits you.
You die...

#.<#..# .# .g
##.#..# ..##'
##.#..# #.....
#..#..# ...g..
#.##..# ......#
#.##..# .......
#.....#
.......######.#
......ggg@)...#
#....g.########
+...... #......
#...... #......
#...... .......


You could see Robin, a hobgoblin (strong) and 2 goblins.

Vanquished Creatures
  Terence (D:2)
  2 adders (D:2)
  A dart slug (D:1)
  3 orcs (D:3)
  2 ball pythons (D:1)
  3 endoplasms
  2 giant cockroaches
  3 hobgoblins (D:1)
  A quokka (D:1)
  5 bats
  4 frilled lizards
  9 goblins
  2 kobolds
  4 rats
42 creatures vanquished.

Notes
Turn   | Place    | Note
-------+----------+-------------------------------------------
     0 | D:1      | SanguineChosen the Palentonga Berserker began the quest for
                  | the Orb.
     0 | D:1      | Reached XP level 1. HP: 19/19 MP: 1/1
    61 | D:1      | Reached XP level 2. HP: 12/25 MP: 2/2
  1064 | D:2      | Reached XP level 3. HP: 11/31 MP: 3/3
  1346 | D:2      | Found a burning altar of Makhleb.
  1388 | D:2      | Noticed Terence
  1405 | D:2      | Killed Terence
  1406 | D:2      | Reached XP level 4. HP: 17/39 MP: 4/4
  2110 | D:3      | Reached skill level 4 in Long Blades
  2118 | D:3      | Noticed Robin
  2131 | D:3      | Reached ** piety under Trog
  2132 | D:3      | HP: 1/39 [goblin/+2 dagger of speed[Robin] (5)]
  2135 | D:3      | Slain by a hobgoblin

Illustrated notes

Levels and vault maps discovered:
D:1:      minmay_arrival_semitransparent, layout_basic, serial_co_window_serial,
          co_window_paths_a, co_window_paths_a, co_window_paths_b,
          co_window_corner_a, co_window_corner_a, co_window_corner_a,
          co_window_paths_b, co_window_of_opportunity_b, co_window_broadway_a,
          co_window_2corner, co_window_of_opportunity_b,
          co_window_of_opportunity_c, glass_columns_a, glass_columns_c,
          glass_columns_a, glass_columns_b, glass_columns_a
D:2:      layout_loops_ring, basic_altar, uniq_terence
D:3:      layout_basic, uniq_robin, uniq_pargi, uniq_ijyb

Skill      XL: |  1  2  3  4 |
---------------+-------------+-----
Dodging        | 2 |  2.1
Long Blades    | 4 |  4.0
Fighting       | |  3.9
Armour         | |  1.6
Stealth        | |  0.2

Action                   |  1- 3 |  4- 6 || total
-------------------------+-------+-------++-------
Melee: Falchion          |    74 |    29 ||   103
       Tailslap          |     6 |     6 ||    12
 Abil: Rolling Charge    |    27 |     7 ||    34
  Use: Potion            |     1 |     3 ||     4
       Scroll            |       |     1 ||     1
Armor: Animal skin       |    18 |     7 ||    25
Dodge: Dodged            |    33 |    15 ||    48
